 Dungeon Crawl Stone Soup version 0.28.0-53-g5a82cb258f (webtiles) character file.

Game seed: 9223703826823029919

57 cbfl8 the Skirmisher (level 3, 0/34 HPs)
             Began as a Minotaur Berserker on July 12, 2022.
             Was a Believer of Trog.
             Killed from afar by Natasha (6 damage)
             ... with a magic dart
             ... on level 1 of the Dungeon.
             The game lasted 00:00:55 (791 turns).

cbfl8 the Skirmisher (Minotaur Berserker)            Turns: 791, Time: 00:00:56

Health: 0/34       AC:  2    Str: 21    XL:     3   Next: 73%
Magic:  2/2        EV: 12    Int:  4    God:    Trog [**....]
Gold:   50         SH:  0    Dex: 11    Spells: 2/2 levels left

rFire   . . .      SeeInvis .   a - +0 hand axe
rCold   . . .      Faith    .   (no shield)
rNeg    . . .      Spirit   .   b - +0 animal skin
rPois   .          Reflect  .   (helmet restricted)
rElec   .          Harm     .   (no cloak)
rCorr   .          Rampage  .   (no gloves)
Will    .....                   (no boots)
Stlth   +.........              (no amulet)
HPRegen 0.11/turn               (no ring)
MPRegen 0.08/turn               (no ring)

@: on berserk cooldown, slowed, very slow
A: horns 2, retaliatory headbutt
a: Renounce Religion, Berserk, Trog's Hand


You were on level 1 of the Dungeon.
You worshipped Trog.
Trog was pleased with you.
You visited 1 branch of the dungeon, and saw 2 of its levels.

You collected 50 gold pieces.

Inventory:

Hand Weapons
 a - a +0 hand axe (weapon)
Armour
 b - a +0 animal skin (worn)
Scrolls
 c - a scroll of teleportation {unknown}
 e - 2 scrolls of identify {unknown}
 g - a scroll of blinking {unknown}
Potions
 d - 2 potions of mutation {unknown}
 f - a potion of cancellation {unknown}


   Skills:
 + Level 4.6 Fighting
 + Level 4.5 Axes
 + Level 2.5 Armour
 + Level 2.5 Dodging
 + Level 0.2 Stealth


You had 2 spell levels left.
You didn't know any spells.
Your spell library was empty.

Dungeon Overview and Level Annotations

Branches:
Dungeon (2/15)

Altars:
Sif Muna

Annotations:
D:1 Natasha


Innate Abilities, Weirdness & Mutations

You have a pair of horns on your head.
You reflexively headbutt those who attack you in melee.


Message History

You headbutt the iron imp, but do no damage.
Natasha claws you! The white imp hits you. The white imp freezes you.
* * * LOW HITPOINT WARNING * * *
A red film seems to cover your vision as you go berserk!
You feel yourself moving faster!
You feel mighty! Natasha claws you but does no damage.
The white imp hits you but does no damage.
The iron imp hits you.
* * * LOW HITPOINT WARNING * * *
You slash Natasha!
Natasha is severely wounded.
You hit the iron imp. You hit the white imp. Natasha misses you.
You furiously retaliate!
You headbutt Natasha!
You kill Natasha!
Trog accepts your kill.
Trog appreciates your killing of a magic user.
Natasha screams in fury as she dies!
The white imp disappears in a puff of smoke!
The iron imp disappears in a puff of smoke!
Natasha, Servant of Life and Death comes into view.
Natasha moves out of view.
Found a hand axe.
Found a stone staircase leading down.
You feel a strong urge to attack something.
You are no longer berserk.
You are exhausted.
You feel yourself slow down. Natasha casts a spell at you.
You feel as though you will be slow longer.
Natasha stares at you and mumbles some strange words.
You resist with significant effort.
The kobold throws a stone.
The stone closely misses you.
There is a stone staircase leading up here.
Natasha closely misses you. Natasha barely misses you.
You climb upwards.
There is a stone staircase leading down here.
You barely miss Natasha. Natasha barely misses you.
You fail to use your ability.
Natasha barely misses you.
Natasha stares at you and mumbles some strange words.
The magic dart hits you.
You die...

###### #.##.# #....# #.##.#
#.##.# ######## #.##.#
#......# #.##.#
##############.####.# #.##.#
...............h@##.# #.##.#
......#.######.#.##.# #.##.#
......#.##.....#.##.###.##.#
...††...##.#####.##.....##.#
....#......# #.#########.#
....+......# #...........#
....#......# #.###########
....#......# #.#
....#......# #.#


You could see Natasha.

Vanquished Creatures
  Natasha (D:2)
  2 dart slugs
  3 ball pythons (D:1)
  3 bats (D:1)
  3 endoplasms
  A giant cockroach (D:1)
  A goblin (D:2)
  4 hobgoblins (D:1)
  A kobold (D:2)
  2 quokkas (D:1)
  4 frilled lizards
  2 rats
27 creatures vanquished.

Notes
Turn   | Place    | Note
-------+----------+-------------------------------------------
     0 | D:1      | cbfl8 the Minotaur Berserker began the quest for the Orb.
     0 | D:1      | Reached XP level 1. HP: 19/19 MP: 0/0
   172 | D:1      | Reached XP level 2. HP: 23/27 MP: 1/1
   558 | D:1      | You fall into a shaft and drop 1 floor!
   571 | D:2      | Reached ** piety under Trog
   651 | D:2      | Reached XP level 3. HP: 27/34 MP: 2/2
   758 | D:2      | Found a shimmering blue altar of Sif Muna.
   771 | D:2      | Noticed Natasha
   778 | D:2      | Killed Natasha
   779 | D:2      | Noticed Natasha
   791 | D:1      | Killed from afar by Natasha

Illustrated notes

Levels and vault maps discovered:
D:1:      tarquinn_simple_flora_water_e, layout_basic, minmay_unequal
D:2:      layout_basic, basic_altar, minivault_4, uniq_crazy_yiuf_cottage,
          uniq_natasha

Skill      XL: |  1  2 |
---------------+-------+-----
Fighting       | 4 |  4.6
Axes           | 4 |  4.5
Armour         | |  2.5
Dodging        | |  2.5
Stealth        | |  0.2

Action                   || total
-------------------------++-------
Melee: Hand axe          ||    52
       Headbutt          ||     8
Invok: Berserk           ||     1
 Stab: Sleeping          ||     1
Armor: Animal skin       ||     9
Dodge: Dodged            ||    49
